 Dungeon Crawl Stone Soup version 0.27.1-1-g398f81649c (webtiles) character file.

Game seed: 6575223050825649051

9193 funkygono the Arsonist (level 11, -39/58 HPs)
             Began as a Gargoyle Fire Elementalist on Sept 15, 2021.
             Was a Follower of Vehumet.
             Annihilated by a boulder beetle (47 damage)
             ... on level 11 of the Dungeon.
             The game lasted 00:26:20 (13094 turns).

funkygono the Arsonist (GrFE)                      Turns: 13094, Time: 00:26:20

Health: -39/58     AC: 16    Str: 11    XL:     11   Next: 42%
Magic:  21/24      EV: 16    Int: 20    God:    Vehumet [*.....]
Gold:   559        SH:  0    Dex: 10    Spells: 16/29 levels left

rFire    . . .     SeeInvis .   M - +1 whip (venom)
rCold    . . .     Faith    .   (no shield)
rNeg     + + .     Spirit   .   o - +2 robe {rN+}
rPois    ∞         Reflect  .   i - +1 helmet
rElec    +         Harm     .   B - +0 cloak
rCorr    +         Rampage  .   p - +0 pair of gloves
Will     .....                  (no boots)
Stlth    ++........             (no amulet)
HPRegen  0.19/turn              h - ring of resist corrosion
MPRegen  0.19/turn              z - +4 ring of evasion

@: no status effects
A: sickness immunity, AC +8, negative energy resistance 1, electricity
resistance, torment resistance 1, petrification resistance
a: Renounce Religion


You were on level 11 of the Dungeon.
You worshipped Vehumet.
Vehumet was aware of your devotion.
You visited 2 branches of the dungeon, and saw 12 of its levels.

You collected 559 gold pieces.

Inventory:

Hand Weapons
 f - a +3 whip
 m - a +1 whip of freezing
 E - a +0 whip of electrocution
 F - a +2 mace
 M - a +1 whip of venom (weapon)
Missiles
 c - 493 stones (quivered)
 t - a throwing net
Armour
 b - a scarf of harm
 i - a +1 helmet (worn)
 o - a +2 robe of positive energy (worn)
 p - a +0 pair of gloves (worn)
 B - a +0 cloak (worn)
Jewellery
 h - a ring of resist corrosion (left hand)
 v - a ring of flight
 z - a +4 ring of evasion (right hand)
 I - an amulet of faith
Wands
 j - a wand of polymorph (6)
 n - a wand of paralysis (6)
 u - a wand of mindburst (11)
 w - a wand of flame (8)
 x - a wand of charming (8)
 A - a wand of iceblast (30)
 H - a wand of digging (3)
 L - a wand of acid (9)
Scrolls
 a - a scroll of fear {unknown}
 e - 4 scrolls of identify
 l - 3 scrolls of teleportation
 r - 3 scrolls of torment
 y - 2 scrolls of blinking
 G - a scroll of fog
 J - a scroll of enchant armour
Potions
 d - 3 potions of mutation
 g - a potion of might
 k - 4 potions of lignification
 s - 2 potions of curing
 C - a potion of haste
 D - 2 potions of brilliance
 K - a potion of berserk rage {unknown}


   Skills:
 + Level 2.4 Fighting
 + Level 3.0 Maces & Flails
 + Level 2.8 Dodging
 - Level 2.1 Stealth
 * Level 9.8 Spellcasting
 * Level 9.8 Conjurations
 * Level 10.2 Fire Magic


You had 16 spell levels left.
You knew the following spells:

 Your Spells              Type           Power      Damage    Failure   Level
a - Foxfire               Conj/Fire      100%       2x1d9     1%          1
b - Conjure Flame         Conj/Fire      50%        6-21      1%          3
c - Sticky Flame          Conj/Fire      50%        2d7       1%          4
d - Fireball              Conj/Fire      25%        3d11      3%          5

Your spell library contained the following spells:

 Spells                   Type           Power      Damage    Failure   Level
 Freeze                   Ice            36%        1d6       7%          1
 Inner Flame              Hex/Fire       30%        N/A       2%          3
 Summon Small Mammal      Summ           36%        N/A       7%          1
 Slow                     Hex            9%         N/A       11%         2
 Call Canine Familiar     Summ           9%         N/A       22%         3
 Confusing Touch          Hex            9%         N/A       22%         3
 Summon Guardian Golem    Hex/Summ       9%         N/A       22%         3
 Irradiate                Conj/Tmut      14%        3d18      26%         5
 Animate Dead             Necr           4%         N/A       56%         4
 Cause Fear               Hex            4%         N/A       56%         4
 Petrify                  Tmut/Erth      9%         N/A       56%         4
 Borgnjor's Vile Clutch   Necr/Erth      4%         N/A       89%         5
 Yara's Violent Unravell  Hex/Tmut       4%         3d4       89%         5
 Death Channel            Necr           4%         N/A       100%        6
 Discord                  Hex            4%         N/A       100%        8
 Sublimation of Blood     Necr           Unusable   N/A       N/A         2

Dungeon Overview and Level Annotations

Branches:
Dungeon (11/15)            Temple (1/1) D:7             Orc (0/2) D:9
   Lair: D:8-11

Altars:
Ashenzari
Cheibriados
Dithmenos
Elyvilon
Fedhas
Gozag
Hepliaklqana
Kikubaaqudgha
Makhleb
Nemelex Xobeh
Okawaru
Qazlal
Ru
Sif Muna
Trog
Uskayaw
Vehumet
Wu Jian
Xom
Yredelemnul
Zin
The Shining One

Shops:
D:2 ?   D:3 (


Innate Abilities, Weirdness & Mutations

You are immune to sickness and miasma.
Your stone body is resilient. (AC +8)
You are immune to poison.
You resist negative energy. (rN+)
You are resistant to electric shocks. (rElec)
You are resistant to unholy torment.
You are immune to petrification.


Message History

The boulder beetle is poisoned.
The boulder beetle hits you!!!
Ouch! That really hurt!
* * * LOW HITPOINT WARNING * * *
The boulder beetle stops rolling and uncurls.
The yak gores you but does no damage. x2
Unknown command.
The yak gores you but does no damage. The yak barely misses you.
There is a stone staircase leading up here.
Unknown command.
Okay, then.
Okay, then.
Okay, then.
Casting: Sticky Flame (dangerous; 1% risk of failure)
Confirm with . or Enter, or press ? or * to list all spells.
You conjure some foxfire!
The boulder beetle completely misses you.
Casting: Foxfire (safe; 1% risk of failure)
Confirm with . or Enter, or press ? or * to list all spells.
Aiming: Sticky Flame (dangerous; 1% risk of failure)
Press: ? - help, Shift-Dir - straight line, f - boulder beetle
Aim: a boulder beetle (moderately wounded, very poisoned, ally target, 100% to hit)
The sticky flame hits the boulder beetle.
The boulder beetle is moderately wounded.
The boulder beetle is covered in liquid flames!
The boulder beetle burns!
The foxfire hits the boulder beetle.
The boulder beetle is moderately wounded.
The foxfire hits the boulder beetle but does no damage.
The boulder beetle is moderately wounded.
The boulder beetle misses you.
The boulder beetle burns!
The boulder beetle burns!
The boulder beetle leaps!
The boulder beetle burns!
The boulder beetle burns!
The boulder beetle burns!
The boulder beetle burns!
The boulder beetle stops burning.
The boulder beetle curls into a ball and begins rolling!
The boulder beetle hits you!!!
Ouch! That really hurt!
You die...

.......#.# .......#.#
.......#.# ..
.......#.#####.#
.......#....##>#
######......##.####
)...(.........>...#####
#######......#.#......#
#..###.#.#@.###.#
##...#.#.B..###.#
#.#.#°#○#....#.#
#####.#.°YY.#.####.#
..............# #.#
.###....#.#.######.#
#....#.#.#.)....#
#######.##.#.#)######
.............#.#########


You could see a boulder beetle (rolling, poisoned) and 2 yaks.

Vanquished Creatures
  A hydra (D:10)
  Pikel (D:4)
  A gargoyle (D:10)
  Prince Ribbit (D:9)
  A hornet (D:9)
  Grinder (D:3)
  2 wraiths
  A shadow (D:9)
  A meliai zombie (D:11)
  A vampire (D:11)
  Eustachio (D:6)
  A wyvern (D:8)
  11 yaks
  A steam dragon (D:8)
  An acid dragon (D:10)
  3 water moccasins
  4 ice beasts
  3 orc warriors
  2 black bears
  3 boggarts (D:9)
  An ogre (D:6)
  2 phantoms
  6 centaurs
  A lemure (D:4)
  2 bullfrogs (D:7)
  6 scorpions
  3 wyvern zombies
  A gnoll sergeant (D:9)
  2 wyvern skeletons (D:7)
  6 killer bees (D:8)
  2 electric eels (D:11)
  5 wights (D:8)
  3 jellies
  5 hounds
  3 orc priests
  A bullfrog skeleton (D:6)
  A centaur skeleton (D:5)
  Jessica (D:3)
  2 iguanas
  Terence (D:3)
  4 orc wizards
  A killer bee zombie (D:7)
  A howler monkey zombie (D:10)
  10 gnolls
  3 adders
  3 shadow imps
  An ufetubus (D:4)
  3 worms
  23 orcs
  6 ball pythons
  4 bats (D:1)
  2 endoplasms (D:2)
  3 giant cockroaches
  8 hobgoblins
  2 jackals (D:4)
  6 kobolds
  3 quokkas
  3 frilled lizards
  5 goblins
  22 rats
208 creatures vanquished.

Vanquished Creatures (others)
  947 foxfires
947 creatures vanquished.

Grand Total: 1155 creatures vanquished

Notes
Turn   | Place    | Note
-------+----------+-------------------------------------------
     0 | D:1      | funkygono the Gargoyle Fire Elementalist began the quest
                  | for the Orb.
     0 | D:1      | Reached XP level 1. HP: 10/10 MP: 3/3
   400 | D:1      | Reached XP level 2. HP: 15/15 MP: 1/5
  1253 | D:2      | Reached XP level 3. HP: 10/19 MP: 0/6
  1678 | D:2      | Found Lorchiudo's Magic Scroll Shoppe.
  1877 | D:2      | Reached XP level 4. HP: 24/24 MP: 2/7
  2385 | D:2      | Learned a level 3 spell: Conjure Flame
  2390 | D:2      | Learned a level 4 spell: Sticky Flame
  2493 | D:3      | Noticed Grinder
  2507 | D:3      | Paralysed by Grinder for 2 turns
  2510 | D:3      | Killed Grinder
  2511 | D:3      | Reached skill level 4 in Fire Magic
  2511 | D:3      | Reached XP level 5. HP: 27/28 MP: 1/10
  2511 | D:3      | Reached XP level 6. HP: 31/32 MP: 1/11
  2580 | D:3      | Noticed Terence
  2585 | D:3      | Killed Terence
  2962 | D:3      | Found a hazy altar of Hepliaklqana.
  2963 | D:3      | Found a shadowy altar of Dithmenos.
  2964 | D:3      | Noticed a shadow
  3077 | D:3      | Found Vetarch's Weapon Boutique.
  3426 | D:3      | Found a sacrificial altar of Ru.
  3472 | D:3      | Noticed Jessica
  3477 | D:3      | Killed Jessica
  3607 | D:3      | Reached skill level 5 in Fire Magic
  3859 | D:4      | Noticed Pikel
  3891 | D:4      | Killed Pikel
  3892 | D:4      | Reached skill level 1 in Maces & Flails
  3892 | D:4      | Reached skill level 5 in Conjurations
  3892 | D:4      | Reached XP level 7. HP: 21/37 MP: 1/14
  3892 | D:4      | Reached XP level 8. HP: 24/42 MP: 1/15
  3991 | D:4      | Reached skill level 5 in Spellcasting
  3996 | D:4      | Reached skill level 6 in Fire Magic
  4039 | D:4      | Found an iron altar of Okawaru.
  4265 | D:4      | Found a shimmering altar of Xom.
  4266 | D:4      | Found a shimmering altar of Xom.
  4271 | D:4      | Found a shimmering altar of Xom.
  4271 | D:4      | Found a shimmering altar of Xom.
  4316 | D:4      | Found a shimmering altar of Xom.
  4450 | D:4      | Found a shimmering altar of Xom.
  4497 | D:4      | Found a shimmering altar of Xom.
  4881 | D:4      | Reached skill level 1 in Fighting
  5123 | D:5      | Entered Level 5 of the Dungeon
  5590 | D:5      | Found a blossoming altar of Fedhas.
  5598 | D:5      | Found a glowing golden altar of the Shining One.
  5603 | D:5      | Found a sparkling altar of Nemelex Xobeh.
  5614 | D:5      | Found a stormy altar of Qazlal.
  5621 | D:5      | Found a broken altar of Ashenzari.
  5627 | D:5      | Found a white marble altar of Elyvilon.
  5634 | D:5      | Found a snail-covered altar of Cheibriados.
  5839 | D:5      | Learned a level 5 spell: Fireball
  5899 | D:6      | Reached XP level 9. HP: 47/47 MP: 12/18
  6400 | D:6      | Noticed Eustachio
  6408 | D:6      | Killed Eustachio
  6409 | D:6      | Reached skill level 7 in Fire Magic
  7357 | D:7      | Reached skill level 8 in Fire Magic
  7357 | D:7      | Reached XP level 10. HP: 52/53 MP: 16/21
  7492 | D:7      | Found a staircase to the Ecumenical Temple.
  7520 | Temple   | Entered the Ecumenical Temple
  7570 | Temple   | Became a worshipper of Vehumet
  8665 | D:8      | Reached * piety under Vehumet
  8665 | D:8      | Offered knowledge of Freeze by Vehumet.
  8854 | D:8      | Reached skill level 9 in Fire Magic
  9515 | D:9      | Found a staircase to the Orcish Mines.
 10399 | D:9      | Noticed Prince Ribbit
 10406 | D:9      | Killed Prince Ribbit
 10529 | D:9      | Reached XP level 11. HP: 27/57 MP: 1/24
 11003 | D:10     | Entered Level 10 of the Dungeon
 11135 | D:10     | Found an ornate altar of the Wu Jian Council.
 11144 | D:10     | Noticed a six-headed hydra
 11155 | D:10     | Killed a six-headed hydra
 11156 | D:10     | Reached skill level 10 in Fire Magic
 12819 | D:11     | Noticed a boulder beetle
 13094 | D:11     | Annihilated by a boulder beetle

Illustrated notes

Levels and vault maps discovered:
D:1:      doesnt_arrival_eight_statues, layout_basic, supply_closet_lemuel
D:2:      layout_loops_ring, serial_shops,
          nicolae_shop_temple_entry_statues_fountains, grunt_ministairs_9,
          minmay_increasing_density
D:3:      layout_loops_ring, riverfiend_overflow_shadow_ancestor,
          lemuel_crystal_altar, serial_shops, shop, corexii_corridor_pit,
          minmay_rat_hole, uniq_jessica, uniq_grinder, uniq_terence
D:4:      kb_forest_paths, layout_loops_ring, xom_redecorated,
          lemuel_doored_altar, minmay_fractal_squares_gapless_5, uniq_pikel
D:5:      layout_cave_pools, grunt_temple_overflow_octagram,
          nrook_loot_triangle, hangedman_abyss_or_decor_slice
D:6:      layout_basic, uniq_eustachio
D:7:      layout_cave_pools, minmay_temple_entry_glassed_door,
          minmay_misc_feat_rows
D:8:      layout_loops_ring, nicolae_ossuary_entry_plus
D:9:      layout_cave_pools, orc_0_dummy, hangedman_decor_push,
          uniq_prince_ribbit1
D:10:     layout_stronghold, nicolae_wu_jian_wuxing_cycle
D:11:     layout_basic, lair_entry_dummy, kennysheep_diamond
Temple:   nicolae_temple_figure_zero

Skill      XL: |  1  2  3  4  5  6  7  8  9 10 11 |
---------------+----------------------------------+-----
Conjurations   | 2 3 5 6 8 9 |  9.8
Spellcasting   | 3 4 6 7 9 |  9.8
Fire Magic     | 4 5 6 8 9 10 | 10.2
Maces & Flails | 1 2 3 |  3.0
Dodging        | 2 |  2.8
Fighting       | 1 2 |  2.4
Stealth        | |  2.1

Action                   |  1- 3 |  4- 6 |  7- 9 | 10-12 || total
-------------------------+-------+-------+-------+-------++-------
Melee: Whip              |     6 |     5 |    42 |    81 ||   134
 Cast: Foxfire           |    47 |    78 |   165 |   262 ||   552
       Sticky Flame      |       |     3 |     7 |    22 ||    32
       Fireball          |       |       |       |     8 ||     8
       Conjure Flame     |       |       |       |     5 ||     5
Evoke: Wand              |       |       |       |     1 ||     1
  Use: Scroll            |     5 |     8 |     5 |     3 ||    21
       Potion            |       |       |       |     1 ||     1
Armor: Robe              |     2 |     8 |    22 |    59 ||    91
Dodge: Dodged            |    13 |     8 |    46 |   105 ||   172
